[Event "ICC tourney 1955 (60 10)"]
[Site "Internet Chess Club"]
[Date "2020.08.08"]
[Round "4"]
[White "BranKing"]
[Black "BreatheChessAls"]
[Result "1/2-1/2"]
[ICCResult "Game drawn by mutual agreement"]
[WhiteElo "2106"]
[BlackElo "1952"]
[Opening "Sicilian: Nimzovich-Rossolimo attack (with ...g6, without ...d6)"]
[ECO "B31"]
[NIC "SI.31"]
[Time "12:06:30"]
[TimeControl "3600+10"]

1. e4 c5 2. Nf3 Nc6 3. Bb5 g6 4. O-O Bg7 5. c3 a6 6. Ba4 b5 7. Bc2 Bb7 8. d4
cxd4 9. cxd4 d6 10. Nc3 Nf6 11. Re1 O-O 12. Bg5 h6 13. Bh4 Re8 14. Qd2 Rc8
15. Rad1 Na5 16. Qe2 b4 17. Nb1 d5 18. e5 Ne4 19. Bd3 Qb6 20. Nbd2 f5 21.
Bg3 e6 22. h3 {Game drawn by mutual agreement} 1/2-1/2

[Event "ICC tourney 1955 (60 10)"]
[Site "Internet Chess Club"]
[Date "2020.08.08"]
[Round "4"]
[White "kkhanna"]
[Black "Kingforce"]
[Result "1/2-1/2"]
[ICCResult "Game drawn by mutual agreement"]
[WhiteElo "1444"]
[BlackElo "1988"]
[Opening "Neo-Grünfeld, 5.Nf3"]
[ECO "D73"]
[NIC "QP.06"]
[Time "12:06:37"]
[TimeControl "3600+10"]

1. d4 Nf6 2. Nf3 d5 3. g3 g6 4. Bg2 Bg7 5. c4 c6 6. O-O dxc4 7. a4 O-O 8.
Na3 Na6 9. Nxc4 Be6 10. b3 Bd5 11. Ba3 Ne4 12. e3 Re8 13. Nfd2 Nc3 14. Qc2
Bxg2 15. Kxg2 Nd5 16. Ne4 Rc8 17. Rad1 b6 18. Qd2 Qd7
{Game drawn by mutual agreement}
1/2-1/2

[Event "ICC tourney 1955 (60 10)"]
[Site "Internet Chess Club"]
[Date "2020.08.08"]
[Round "4"]
[White "xx99754539"]
[Black "pika0008"]
[Result "1-0"]
[ICCResult "Black resigns"]
[WhiteElo "1955"]
[BlackElo "1600"]
[Opening "Sicilian: Labourdonnais-Löwenthal (Kalashnikov) variation"]
[ECO "B32"]
[NIC "SI.32"]
[Time "12:07:04"]
[TimeControl "3600+10"]

1. e4 c5 2. Nf3 Nc6 3. d4 cxd4 4. Nxd4 e5 5. Nb5 d6 6. N1c3 a6 7. Na3 Be7 8.
Nd5 Nf6 9. Be3 Be6 10. Bb6 Qc8 11. Nc7+ Kf8 12. Nxa8 Qxa8 13. Bd3 d5 14.
exd5 Bxd5 15. f3 e4 16. fxe4 Nxe4 17. O-O Qb8 18. Qh5 Nf6 19. Rxf6 Bxf6 20.
Qxd5 Bxb2 21. Rf1 Qe8 22. Bc5+ Kg8 23. Rxf7 Qxf7 24. Bc4 Bd4+ 25. Kh1
{Black resigns}
1-0

[Event "ICC tourney 1955 (60 10)"]
[Site "Internet Chess Club"]
[Date "2020.08.08"]
[Round "4"]
[White "FL2009"]
[Black "Tombstone"]
[Result "0-1"]
[ICCResult "White resigns"]
[WhiteElo "1788"]
[BlackElo "2028"]
[Opening "Sicilian: Canal-Sokolsky attack, 3...Bd7"]
[ECO "B52"]
[NIC "SI.01"]
[Time "12:07:07"]
[TimeControl "3600+10"]

1. e4 c5 2. Nf3 d6 3. Bb5+ Bd7 4. c4 Bxb5 5. cxb5 Nf6 6. Nc3 g6 7. d4 cxd4
8. Nxd4 Bg7 9. Be3 Nbd7 10. O-O O-O 11. Rc1 Rc8 12. f3 Nb6 13. b3 Qd7 14.
Qd2 Rfd8 15. Rfd1 h5 16. Nde2 Kh7 17. h4 Ng8 18. a4 Bh6 19. f4 Qg4 20. g3
Qh3 21. Nd5 Nxd5 22. Qxd5 Kg7 23. Qxb7 Rxc1 24. Bxc1 Nf6 25. Qxe7 Rd7 26. e5
Rxe7 27. exf6+ Kxf6 28. Rxd6+ Kg7 29. Bb2+ Kh7 {White resigns} 0-1

[Event "ICC tourney 1955 (60 10)"]
[Site "Internet Chess Club"]
[Date "2020.08.08"]
[Round "4"]
[White "goodcrowdchess"]
[Black "Boldmann"]
[Result "1-0"]
[ICCResult "Black checkmated"]
[WhiteElo "1617"]
[BlackElo "1776"]
[Opening "French: Tarrasch"]
[ECO "C03"]
[NIC "FR.14"]
[Time "12:06:21"]
[TimeControl "3600+10"]

1. e4 e6 2. d4 d5 3. Nd2 a6 4. Bd3 c5 5. exd5 exd5 6. Ngf3 c4 7. Be2 Nf6 8.
b3 b5 9. a4 c3 10. Nf1 b4 11. Ng3 a5 12. O-O Be7 13. Bg5 O-O 14. Re1 h6 15.
Bxf6 Bxf6 16. Bb5 Bd7 17. Qd3 Bxb5 18. Qxb5 Qd7 19. Qd3 Nc6 20. Ne5 Qc7 21.
f4 Rfe8 22. Nf5 Nxe5 23. dxe5 Qc5+ 24. Kh1 Be7 25. Qg3 g6 26. Nxh6+ Kf8 27.
Ng4 Kg7 28. f5 Rh8 29. f6+ Kf8 30. fxe7+ Kxe7 31. Qf4 Qb6 32. Rad1 Rad8 33.
Qg5+ Ke8 34. Nf6+ Kf8 35. Nxd5 Qb8 36. Qe7+ Kg8 37. Rf1 Rf8 38. Qf6 Rh5 39.
Ne7+ Kh7 40. Nxg6 fxg6 41. Qxf8 Qxf8 42. Rxf8 Rxe5 43. Rf2 Kh6 44. Kg1 Kh5
45. Kf1 g5 46. Rd6 g4 47. Rff6 g3 48. Rh6+ Kg4 49. Rdg6+ Kf4 50. hxg3+ Ke3
51. Re6 Rxe6 52. Rxe6+ Kd2 53. g4 Kxc2 54. g5 Kxb3 55. g6 c2 56. Re1 Kxa4
57. g7 b3 58. g8=Q Ka3 59. Ra1+ Kb2 60. Qg7# {Black checkmated} 1-0

[Event "ICC tourney 1955 (60 10)"]
[Site "Internet Chess Club"]
[Date "2020.08.08"]
[Round "4"]
[White "rohu333"]
[Black "ChessPlayer2005"]
[Result "0-1"]
[ICCResult "White resigns"]
[WhiteElo "1789"]
[BlackElo "1769"]
[Opening "Van't Kruijs opening"]
[ECO "A00"]
[Time "12:07:47"]
[TimeControl "3600+10"]

1. e3 e5 2. d4 exd4 3. exd4 d5 4. Nf3 Nf6 5. Bg5 h6 6. Bh4 Nc6 7. Bb5 Qe7+
8. Qe2 Qxe2+ 9. Kxe2 Bd7 10. c3 O-O-O 11. Nbd2 g5 12. Bg3 g4 13. Ne5 Nxe5
14. Bxe5 Bxb5+ 15. c4 dxc4 16. Bxf6 Re8+ 17. Kd1 Rg8 18. a4 Bc6 19. Nxc4
Bxg2 20. Rg1 Bf3+ 21. Kc1 Rg6 22. Bh4 Rc6 {White resigns} 0-1

[Event "ICC tourney 1955 (60 10)"]
[Site "Internet Chess Club"]
[Date "2020.08.08"]
[Round "4"]
[White "VincentT2008"]
[Black "Blue-Elephant1"]
[Result "1-0"]
[ICCResult "Black resigns"]
[WhiteElo "1886"]
[BlackElo "2070"]
[Opening "QGD Slav defense"]
[ECO "D13"]
[NIC "SL.01"]
[Time "12:08:07"]
[TimeControl "3600+10"]

1. d4 d5 2. c4 c6 3. Nc3 Nf6 4. cxd5 cxd5 5. Nf3 a6 6. Bf4 Nc6 7. e3 Bg4 8.
Be2 e6 9. h3 Bh5 10. O-O Be7 11. Rc1 O-O 12. a3 Rc8 13. Na4 Nd7 14. b4 b5
15. Nc5 Nxc5 16. dxc5 f6 17. Nd4 Bxe2 18. Qxe2 Qd7 19. Rfe1 e5 20. Nxc6 Qxc6
21. Bg3 Bd8 22. Qa2 Bc7 23. e4 Rcd8 24. Rcd1 Qe6 25. exd5 Qf7 26. Qd2 Rfe8
27. d6 Bb8 28. Qd5 {Black resigns} 1-0

[Event "ICC tourney 1955 (60 10)"]
[Site "Internet Chess Club"]
[Date "2020.08.08"]
[Round "4"]
[White "rabbitAAAA"]
[Black "ocean112005"]
[Result "0-1"]
[ICCResult "White resigns"]
[WhiteElo "1759"]
[BlackElo "1743"]
[Opening "QGD: exchange, positional line"]
[ECO "D35"]
[NIC "QO.16"]
[Time "12:07:43"]
[TimeControl "3600+10"]

1. d4 d5 2. c4 e6 3. Nc3 Nf6 4. cxd5 exd5 5. Bg5 Be7 6. e3 h6 7. Bh4 O-O 8.
Bd3 Be6 9. Nf3 c5 10. O-O Nc6 11. dxc5 Bxc5 12. Qc2 d4 13. Ne4 Be7 14. Nxf6+
Bxf6 15. Bxf6 Qxf6 16. Nxd4 Nxd4 17. exd4 Qxd4 18. Rfd1 Qf6 19. Rd2 Rac8 20.
Qd1 Rfd8 21. Qe2 Rc7 22. Rad1 Rcd7 23. b3 Bf5 24. Bc4 Rxd2 25. Rxd2 Qa1+
{White resigns}
0-1

[Event "ICC tourney 1955 (60 10)"]
[Site "Internet Chess Club"]
[Date "2020.08.08"]
[Round "4"]
[White "caracal"]
[Black "ryanwang"]
[Result "1-0"]
[ICCResult "Black resigns"]
[WhiteElo "1984"]
[BlackElo "1828"]
[Opening "Nimzo-Indian: 4.e3 e8g8, 5.Nf3 d7d5"]
[ECO "E51"]
[NIC "NI.27"]
[Time "12:06:30"]
[TimeControl "3600+10"]

1. d4 Nf6 2. c4 e6 3. Nf3 d5 4. Nc3 Bb4 5. e3 O-O 6. Bd2 b6 7. Qc2 Ba6 8.
cxd5 Bxf1 9. Rxf1 exd5 10. Ke2 Be7 11. Rfe1 c5 12. Kf1 Nc6 13. Ne2 Rc8 14.
Qd3 c4 15. Qc2 Bd6 16. a3 Ne4 17. Kg1 f5 18. Rf1 Qf6 19. Nc3 Ne7 20. Nxe4
fxe4 21. Ne1 Qh6 22. g3 Bb8 23. Bb4 Rf7 24. Bxe7 Rxe7 25. Ng2 g5 26. b3 Re6
27. bxc4 Rxc4 28. Qb2 Qh3 29. Rfc1 Rh6 30. Rxc4 Qxh2+ 31. Kf1 dxc4 32. Qb5
Qh1+ 33. Ke2 Qxg2 34. Qe8+ Kg7 35. Qe7+ Kg6 36. Qe6+ Kh5 37. Rh1+ Qxh1 38.
g4+ Kh4 39. Qxh6+ Kxg4 40. Qxh1 c3 41. Qxe4+ Kh3 42. Kf3 {Black resigns} 1-0

[Event "ICC tourney 1955 (60 10)"]
[Site "Internet Chess Club"]
[Date "2020.08.08"]
[Round "4"]
[White "KylanHuang"]
[Black "Sahabangs"]
[Result "1-0"]
[ICCResult "Black resigns"]
[WhiteElo "1860"]
[BlackElo "1436"]
[Opening "Sicilian: Alapin's variation (2.c3)"]
[ECO "B22"]
[NIC "SI.46"]
[Time "12:07:10"]
[TimeControl "3600+10"]

1. e4 c5 2. c3 g6 3. d4 cxd4 4. cxd4 Bg7 5. Nc3 Nc6 6. Nf3 a6 7. Be2 e6 8.
O-O Nge7 9. Bg5 h6 10. Be3 O-O 11. Qd2 g5 12. h4 g4 13. Ne1 h5 14. Nc2 Ng6
15. g3 Kh7 16. Kg2 b5 17. Bd3 Bb7 18. Ne2 e5 19. d5 Nce7 20. Nc3 Rc8 21. a4
f5 22. axb5 axb5 23. Bg5 Qe8 24. Nxb5 f4 25. Nd6 Qd8 26. Nxb7 Qc7 27. d6
Qxb7 28. dxe7 Rfe8 29. Rfe1 Nxe7 30. Bxe7 f3+ 31. Kg1 Rxe7 32. Ba6 Qxb2 33.
Bxc8 {Black resigns} 1-0

[Event "ICC tourney 1955 (60 10)"]
[Site "Internet Chess Club"]
[Date "2020.08.08"]
[Round "4"]
[White "AVS"]
[Black "chessrex"]
[Result "1/2-1/2"]
[ICCResult "Game drawn by mutual agreement"]
[WhiteElo "1857"]
[BlackElo "1992"]
[Opening "Philidor: Philidor counter-gambit, Zukertort variation"]
[ECO "C41"]
[NIC "KP.08"]
[Time "12:06:56"]
[TimeControl "3600+10"]

1. e4 e5 2. Nf3 d6 3. d4 f5 4. Nc3 fxe4 5. Nxe4 d5 6. Nc3 e4 7. Ne5 Nf6 8.
Bg5 Be7 9. Bxf6 Bxf6 10. Qh5+ g6 11. Qe2 O-O 12. O-O-O c6 13. f3 Bxe5 14.
dxe5 Qg5+ 15. Kb1 e3 16. Rd3 Be6 17. g3 Nd7 18. f4 Qe7 19. Qxe3 Nc5 20. Rd1
b5 21. Bg2 a5 22. Ne2 Bg4 23. Bf3 Bxf3 24. Qxf3 b4 25. Nd4 Ra6 26. h4 Ne4
27. Rhf1 Rb6 28. Ka1 a4 {Game drawn by mutual agreement} 1/2-1/2

[Event "ICC tourney 1955 (60 10)"]
[Site "Internet Chess Club"]
[Date "2020.08.08"]
[Round "4"]
[White "liguowh"]
[Black "Sina101"]
[Result "1-0"]
[ICCResult "Black resigns"]
[WhiteElo "1951"]
[BlackElo "2070"]
[Opening "Sicilian: Taimanov variation"]
[ECO "B48"]
[NIC "SI.40"]
[Time "12:07:07"]
[TimeControl "3600+10"]

1. e4 c5 2. Nf3 e6 3. d4 cxd4 4. Nxd4 Nc6 5. Nc3 Qc7 6. Be3 a6 7. f3 Nf6 8.
Qd2 Bb4 9. a3 Be7 10. O-O-O O-O 11. g4 d6 12. g5 Nd7 13. h4 b5 14. g6 hxg6
15. h5 gxh5 16. Rxh5 Nxd4 17. Qh2 f6 18. Bxd4 Kf7 19. Rh7 Rg8 20. Qh5+ Kf8
21. Bh3 Ne5 22. Bxe5 fxe5 23. f4 Bf6 24. fxe5 dxe5 25. Rf1 Qf7 26. Qg4 Bd7
27. Qg1 Rc8 28. Qa7 Ke7 29. Nd5+ Kd6 30. Nxf6 Rc7 31. Qb6+ Rc6 32. Rd1+ Ke7
33. Rxd7+ Kxf6 34. Qf2+ {Black resigns} 1-0

[Event "ICC tourney 1955 (60 10)"]
[Site "Internet Chess Club"]
[Date "2020.08.08"]
[Round "4"]
[White "Arsalchess"]
[Black "alecchung3"]
[Result "0-1"]
[ICCResult "White resigns"]
[WhiteElo "1995"]
[BlackElo "1952"]
[Opening "Sicilian: Najdorf"]
[ECO "B90"]
[NIC "SI.14"]
[Time "12:06:19"]
[TimeControl "3600+10"]

1. e4 c5 2. Nf3 d6 3. d4 cxd4 4. Nxd4 Nf6 5. Nc3 a6 6. f3 e5 7. Nb3 Be6 8.
Be3 Be7 9. Qd2 h5 10. Nd5 Nxd5 11. exd5 Bf5 12. Bd3 Bxd3 13. Qxd3 Nd7 14. c4
Qc7 15. O-O b6 16. f4 Bf6 17. Qe2 O-O 18. Rac1 exf4 19. Bxf4 Rae8 20. Qxh5
Bxb2 21. Rc2 Nf6 22. Qh4 Be5 23. Bxe5 Rxe5 24. Rxf6 Qe7 25. Rf4 Re1+ 26.
Qxe1 Qxe1+ 27. Rf1 Qe4 28. Rc3 a5 {White resigns} 0-1

[Event "ICC tourney 1955 (60 10)"]
[Site "Internet Chess Club"]
[Date "2020.08.08"]
[Round "4"]
[White "MATEPROOF"]
[Black "dhruvpathak0613"]
[Result "1/2-1/2"]
[ICCResult "Game drawn by mutual agreement"]
[WhiteElo "2174"]
[BlackElo "1988"]
[Opening "Queen's pawn game, Darooha variation "]
[ECO "D02"]
[NIC "QP.09"]
[Time "12:06:50"]
[TimeControl "3600+10"]

1. Nf3 d5 2. d4 Nf6 3. c4 e6 4. e3 b6 5. Bd3 Bb7 6. O-O Be7 7. Nc3 O-O 8.
Qe2 c5 9. b3 Nc6 10. cxd5 Nxd5 11. Bb2 cxd4 12. Nxd5 Qxd5 13. Rfd1 Qh5 14.
Nxd4 Qxe2 15. Nxe2 Nb4 16. Ba3 Nxd3 17. Bxe7 Rfe8 18. Bd6 Ba6 19. Nd4 Red8
20. Bg3 Rac8 21. h3 g6 22. Bh4 Rd7 23. Nf3 Bb7 24. Nd4 Ba6 25. Nf3 Bb7
{Game drawn by mutual agreement}
1/2-1/2

[Event "ICC tourney 1955 (60 10)"]
[Site "Internet Chess Club"]
[Date "2020.08.08"]
[Round "4"]
[White "LawrenceTu"]
[Black "GoatsRock"]
[Result "0-1"]
[ICCResult "White resigns"]
[WhiteElo "1889"]
[BlackElo "1677"]
[Opening "English: symmetrical, four knights system"]
[ECO "A35"]
[NIC "EO.64"]
[Time "12:06:32"]
[TimeControl "3600+10"]

1. c4 c5 2. Nc3 Nc6 3. Nf3 Nf6 4. g3 e6 5. Bg2 Be7 6. O-O O-O 7. d4 cxd4 8.
Nxd4 Nxd4 9. Qxd4 a6 10. Bg5 Re8 11. Rad1 h6 12. Bf4 d6 13. Bxd6 Bxd6 14.
Qxd6 Nd7 15. Bxb7 Bxb7 16. Qxd7 Qb6 17. Na4 Qb4 18. a3 Qxc4 19. Nb6 Qe4 20.
f3 Qe3+ 21. Kg2 Qxb6 22. Rc1 Rac8 23. b4 Qb5 24. Qd2 Red8 25. Qe3 Rxc1 26.
Rxc1 Qg5 27. Qb6 Qxc1 28. Qxd8+ Kh7 29. Qd7 Bc8 30. Qxf7 Qe1 31. e4 Qe2+ 32.
Kh3 e5+ 33. g4 Qf1+ 34. Kh4 Qg2 35. h3 Be6 36. Qe7 Qxf3 37. a4 Qf2+ 38. Kh5
Bf7+ {White resigns} 0-1

[Event "ICC tourney 1955 (60 10)"]
[Site "Internet Chess Club"]
[Date "2020.08.08"]
[Round "4"]
[White "playerlucky"]
[Black "Chessphilia"]
[Result "1/2-1/2"]
[ICCResult "Game drawn by mutual agreement"]
[WhiteElo "1916"]
[BlackElo "2075"]
[Opening "Queen's bishop game"]
[ECO "D02"]
[NIC "QP.06"]
[Time "12:06:17"]
[TimeControl "3600+10"]

1. d4 Nf6 2. Nf3 d5 3. Bf4 c5 4. e3 Nc6 5. c4 e6 6. Nc3 cxd4 7. Nxd4 Bb4 8.
a3 Bxc3+ 9. bxc3 O-O 10. Be2 Ne4 11. Qc2 Qa5 12. cxd5 exd5 13. Nxc6 bxc6 14.
O-O Qxc3 15. Rfc1 Qxc2 16. Rxc2 Bd7 17. f3 Nf6 18. Rac1 a5 19. Kf2 Rfc8 20.
Bd3 Ra7 21. Bd6 Ne8 22. Bc5 Raa8 23. Bd4 a4 24. e4 Nd6 25. exd5 cxd5 26.
Rxc8+ Rxc8 27. Rc5 Rxc5 28. Bxc5 Bb5 29. Bxh7+ Kxh7 30. Bxd6
{Game drawn by mutual agreement}
1/2-1/2

[Event "ICC tourney 1955 (60 10)"]
[Site "Internet Chess Club"]
[Date "2020.08.08"]
[Round "4"]
[White "meghna"]
[Black "OneEverest"]
[Result "1/2-1/2"]
[ICCResult "Game drawn by mutual agreement"]
[WhiteElo "1928"]
[BlackElo "2019"]
[Opening "Ruy Lopez: Berlin defense, open variation"]
[ECO "C67"]
[NIC "RL.07"]
[Time "12:06:21"]
[TimeControl "3600+10"]

1. e4 e5 2. Nf3 Nc6 3. Bb5 Nf6 4. O-O Nxe4 5. Re1 Nd6 6. Nxe5 Be7 7. Ba4 O-O
8. d4 Nf5 9. c3 Nxe5 10. dxe5 d5 11. Bc2 Re8 12. Bf4 Be6 13. Nd2 c5 14. Nf3
g6 15. Qd2 Qb6 16. Ba4 Red8 17. Ng5 d4 18. Nxe6 fxe6 19. Bb3 Rac8 20. Bc4
Qc6 21. Qe2 a6 22. a4 Rf8 23. Qg4 b5 24. axb5 axb5 25. Bd3 c4 26. Bxf5 exf5
27. Qg3 d3 28. e6 Ra8 29. Rxa8 Rxa8 30. h4 Qe8 31. Bh6 Bf6 32. Qc7 Qe7 33.
Qc6 Qe8 34. Qc7 Rc8 35. Qb7 Rb8 36. Qc7 Rc8 37. Qb7 Rb8 38. Qc7
{Game drawn by mutual agreement}
1/2-1/2

[Event "ICC tourney 1955 (60 10)"]
[Site "Internet Chess Club"]
[Date "2020.08.08"]
[Round "4"]
[White "joeandjoe56"]
[Black "Lonestarpawn"]
[Result "0-1"]
[ICCResult "White resigns"]
[WhiteElo "1814"]
[BlackElo "2031"]
[Opening "Ruy Lopez: Marshall counter-attack, 11...c6"]
[ECO "C89"]
[NIC "RL.17"]
[Time "12:07:19"]
[TimeControl "3600+10"]

1. e4 e5 2. Nf3 Nc6 3. Bb5 a6 4. Ba4 Nf6 5. O-O b5 6. Bb3 Be7 7. Re1 O-O 8.
c3 d5 9. exd5 Nxd5 10. Nxe5 Nxe5 11. Rxe5 c6 12. d3 Bd6 13. Re1 Qh4 14. g3
Qh3 15. Re4 Qf5 16. Nd2 Nf6 17. Re1 Qh3 18. Qf3 Ng4 19. Qg2 Qh5 20. Ne4 Bc7
21. Be3 Ne5 22. Bd1 Qg6 23. d4 Nd3 24. Re2 f5 25. Ng5 h6 26. Bb3+ Kh8 27.
Nf7+ Rxf7 28. Bxf7 Qxf7 29. Qxc6 Rb8 30. Bf4 Nxf4 31. gxf4 Bb7 32. Qe6 Qh5
33. d5 Bxd5 {White resigns} 0-1

[Event "ICC tourney 1955 (60 10)"]
[Site "Internet Chess Club"]
[Date "2020.08.08"]
[Round "4"]
[White "JunlinTheWorld"]
[Black "Elieman"]
[Result "0-1"]
[ICCResult "White checkmated"]
[WhiteElo "1718"]
[BlackElo "2029"]
[Opening "Scotch gambit: Dubois-Réti defense"]
[ECO "C55"]
[NIC "KP.02"]
[Time "12:06:49"]
[TimeControl "3600+10"]

1. e4 e5 2. Nf3 Nc6 3. d4 exd4 4. Bc4 Nf6 5. e5 d5 6. Bb5 Ne4 7. Nxd4 Bc5 8.
O-O O-O 9. Bxc6 bxc6 10. f3 Ng5 11. f4 Ne6 12. Be3 f6 13. Kh1 Nxd4 14. Bxd4
Bxd4 15. Qxd4 fxe5 16. Qxe5 Ba6 17. Rd1 Qd7 18. Nc3 Rae8 19. Qg5 h6 20. Qg3
Qf5 21. Rd4 Qxc2 22. Ra4 Bd3 23. Rd1 Be4 24. Rf1 Rxf4 25. Rg1 Ref8 26. Nxe4
Qxa4 27. Nc5 Qd4 28. h3 Rf1 29. Qh2 Qxc5 30. b3 Qc1 31. h4 Rxg1+ 32. Qxg1
Rf1 33. Qxf1 Qxf1+ 34. Kh2 Kf7 35. Kg3 Kf6 36. a4 Kf5 37. b4 Qf4+ 38. Kh3 g5
39. hxg5 hxg5 40. g3 Qf2 41. g4+ Kf4 42. b5 Qg3# {White checkmated} 0-1

[Event "ICC tourney 1955 (60 10)"]
[Site "Internet Chess Club"]
[Date "2020.08.08"]
[Round "4"]
[White "Javierof"]
[Black "IndianTerritory"]
[Result "0-1"]
[ICCResult "White resigns"]
[WhiteElo "2055"]
[BlackElo "2005"]
[Opening "QGD Slav: 3.Nf3"]
[ECO "D11"]
[NIC "SL.01"]
[Time "12:07:07"]
[TimeControl "3600+10"]

1. d4 c6 2. c4 d5 3. Nf3 Nf6 4. g3 dxc4 5. Bg2 Bf5 6. Na3 b5 7. Ne5 Qb6 8.
O-O e6 9. Re1 Bb4 10. Bd2 Bxa3 11. bxa3 Be4 12. Bb4 Bxg2 13. Kxg2 a5 14. Bc5
Qc7 15. e4 Na6 16. f4 Nxc5 17. dxc5 Rd8 18. Qf3 Nd7 19. Nxd7 Rxd7 20. Rad1
Re7 21. e5 O-O 22. Rd6 Rc8 23. Red1 h6 24. Qe4 Ree8 25. Rd7 Qb8 26. a4 Rc7
27. R7d6 c3 28. Rxc6 Rxc6 29. Qxc6 Rd8 30. Rc1 Rd2+ 31. Kh3 b4 32. Qb5 Qxb5
33. axb5 Rd5 34. a4 Rxc5 35. Kg4 b3 36. b6 b2 37. Rb1 c2 38. b7 cxb1=Q 39.
b8=Q+ Kh7 {White resigns} 0-1

[Event "ICC tourney 1955 (60 10)"]
[Site "Internet Chess Club"]
[Date "2020.08.08"]
[Round "4"]
[White "Baseballchamp"]
[Black "Samuel-Colt"]
[Result "1-0"]
[ICCResult "Black resigns"]
[WhiteElo "2082"]
[BlackElo "1795"]
[Opening "French: King's Indian attack"]
[ECO "C00"]
[NIC "FR.02"]
[Time "12:06:38"]
[TimeControl "3600+10"]

1. e4 e6 2. d3 c5 3. Nf3 d5 4. Nbd2 Nc6 5. g3 dxe4 6. dxe4 Nf6 7. Bg2 Be7 8.
O-O O-O 9. e5 Nd7 10. Re1 Qc7 11. Nc4 Rd8 12. Qe2 Nd4 13. Qe4 Nxf3+ 14. Bxf3
Nf8 15. c3 Rb8 16. Nd6 Ng6 17. Bg2 Bxd6 18. exd6 Qxd6 19. h4 Qd3 20. Qxd3
Rxd3 21. h5 Nf8 22. Bf4 Ra8 23. Rad1 Rxd1 24. Rxd1 e5 25. Bxe5 Bg4 26. Rd6
Re8 27. Bf4 b6 28. h6 Ne6 29. Bc6 Rc8 30. Bd7 Rf8 31. Be5 gxh6 32. Bf6 Bf5
33. f4 Rb8 34. Rd5 Be4 35. Re5 Bb1 36. Bxe6 fxe6 37. Rxe6 Bxa2 38. Re7 Bb1
39. g4 Kf8 40. Rxa7 Re8 41. f5 h5 42. Bg7+ Kg8 43. Bh6 hxg4 44. f6 Bg6 45.
Rg7+ Kh8 46. Rxg6 hxg6 47. f7 Rb8 48. f8=Q+ Rxf8 49. Bxf8 c4 50. Kg2 Kg8 51.
Bd6 Kf7 52. Kg3 Ke6 53. Bc7 b5 54. Kxg4 Kd5 55. Kg5 Kc5 56. Kxg6 b4 57. Kf5
Kb5 58. Bd6 {Black resigns} 1-0

[Event "ICC tourney 1955 (60 10)"]
[Site "Internet Chess Club"]
[Date "2020.08.08"]
[Round "4"]
[White "tigertiger2019"]
[Black "ShaunTracey"]
[Result "0-1"]
[ICCResult "White checkmated"]
[WhiteElo "1658"]
[BlackElo "1854"]
[Opening "Scandinavian defense"]
[ECO "B01"]
[NIC "SD.01"]
[Time "12:07:14"]
[TimeControl "3600+10"]

1. e4 d5 2. exd5 Qxd5 3. Nc3 Qa5 4. d4 Nf6 5. Nf3 Bf5 6. Bf4 e6 7. Qd2 Bb4
8. Qc1 Ne4 9. Bd2 Nxd2 10. Kxd2 Nc6 11. a3 Bxc3+ 12. bxc3 Rd8 13. Bd3 Nxd4
14. Nxd4 Rxd4 15. Qb2 O-O 16. Qxb7 Rfd8 17. Qf3 Rc4 18. h3 Rxc3 19. Ke2
Bxd3+ 20. cxd3 Rc2+ 21. Kf1 Qd2 22. Rd1 Rc1 23. Rxc1 Qxc1+ 24. Ke2 Qxh1 25.
Qc6 Qb1 26. Qa6 Qb2+ 27. Kf3 Qd2 28. Qxa7 Qxd3+ 29. Kg4 Qd4+ 30. Qxd4 Rxd4+
31. f4 c5 32. a4 Rxa4 33. Kg5 c4 34. f5 Ra5 35. g4 c3 36. h4 c2 37. Kh5 exf5
38. g5 c1=Q 39. g6 hxg6# {White checkmated} 0-1

[Event "ICC tourney 1955 (60 10)"]
[Site "Internet Chess Club"]
[Date "2020.08.08"]
[Round "4"]
[White "IAlwaysWin"]
[Black "adelie"]
[Result "1-0"]
[ICCResult "Black resigns"]
[WhiteElo "2129"]
[BlackElo "1904"]
[Opening "Dutch: Leningrad, main variation with c6"]
[ECO "A88"]
[NIC "QP.11"]
[Time "12:07:27"]
[TimeControl "3600+10"]

1. Nf3 d6 2. d4 g6 3. c4 f5 4. Nc3 Nf6 5. g3 Bg7 6. Bg2 O-O 7. O-O c6 8. Qc2
Na6 9. a3 Qe8 10. d5 e5 11. dxe6 Bxe6 12. b3 d5 13. cxd5 Nxd5 14. Bb2 Qe7
15. Nxd5 Bxd5 16. Bxg7 Qxg7 17. e3 Qf6 18. Nd4 Nc7 19. Bxd5+ Nxd5 20. b4 f4
21. gxf4 Nxf4 22. Qc4+ Nd5 23. e4 b5 24. Nxb5 Qg5+ 25. Kh1 cxb5 26. Qxd5+
Qxd5 27. exd5 Rad8 28. Rad1 Rd6 29. Kg2 Rfd8 30. Rfe1 Kf7 31. Re5 Kf6 32. f4
Rc8 33. Kf3 Rc3+ 34. Re3 Rxe3+ 35. Kxe3 Kf5 36. Kd4 Kf6 37. Kc5 Ke7 38. Re1+
{Black resigns}
1-0

[Event "ICC tourney 1955 (60 10)"]
[Site "Internet Chess Club"]
[Date "2020.08.08"]
[Round "4"]
[White "mangolamb"]
[Black "JackFromLost"]
[Result "1-0"]
[ICCResult "Black resigns"]
[WhiteElo "2161"]
[BlackElo "1922"]
[Opening "Caro-Kann: exchange variation"]
[ECO "B13"]
[NIC "CK.02"]
[Time "12:06:59"]
[TimeControl "3600+10"]

1. e4 c6 2. d4 d5 3. exd5 cxd5 4. Bd3 Nc6 5. c3 Nf6 6. h3 e6 7. Nf3 Bd6 8.
O-O Qc7 9. Re1 Bd7 10. a4 O-O 11. Bg5 Ne8 12. Nbd2 f6 13. Be3 e5 14. dxe5
Nxe5 15. Bc2 Rd8 16. Nf1 Bc6 17. Nd4 Qf7 18. b4 Nc4 19. Qd3 g6 20. Bc1 Ng7
21. Bh6 Rfe8 22. Bxg7 Kxg7 23. Nd2 Ne5 24. Qf1 Bd7 25. f4 Nc6 26. N2b3 f5
27. Nb5 Bb8 28. Nc5 a6 29. Nxb7 axb5 30. Nxd8 Ba7+ 31. Kh1 Nxd8 32. axb5 Bb6
33. Bd3 Bc8 34. Rxe8 Qxe8 35. Re1 Qd7 36. Qe2 Ne6 37. Qe5+ Kg8 38. c4 Bc7
39. Qxd5 Qf7 40. c5 Nxf4 41. Re8+ Kg7 42. Qxf7+ Kxf7 43. Rxc8 {Black
resigns} 1-0

[Event "ICC tourney 1955 (60 10)"]
[Site "Internet Chess Club"]
[Date "2020.08.08"]
[Round "4"]
[White "aghilan"]
[Black "oregonchessguy"]
[Result "1-0"]
[ICCResult "Black resigns"]
[WhiteElo "1866"]
[BlackElo "1761"]
[Opening "KGD: Falkbeer, 5.de"]
[ECO "C32"]
[NIC "KG.04"]
[Time "12:07:07"]
[TimeControl "3600+10"]

1. e4 e5 2. f4 d5 3. exd5 e4 4. d3 Nf6 5. dxe4 Bc5 6. Nc3 Bb4 7. Qd4 Bxc3+
8. bxc3 O-O 9. Bd3 Re8 10. Ne2 Bg4 11. Ng3 Nxd5 12. O-O Nb6 13. Qxd8 Rxd8
14. f5 c5 15. c4 h5 16. h3 h4 17. Bg5 Rxd3 18. cxd3 hxg3 19. hxg4 Nc6 20.
Bf4 Rd8 21. Rfd1 Nb4 22. Bxg3 Nc2 23. Rab1 Ne3 24. Re1 Rxd3 25. Rb3 Rxb3 26.
axb3 Nxg4 27. Rd1 Nf6 28. Rd8+ Kh7 29. e5 Ne4 30. e6 {Black resigns} 1-0

[Event "ICC tourney 1955 (60 10)"]
[Site "Internet Chess Club"]
[Date "2020.08.08"]
[Round "4"]
[White "mopaska1106"]
[Black "ningaling291"]
[Result "1-0"]
[ICCResult "Black resigns"]
[WhiteElo "2030"]
[BlackElo "1713"]
[Opening "QGD: Cambridge Springs defense, Bogolyubov variation"]
[ECO "D52"]
[NIC "QO.15"]
[Time "12:06:30"]
[TimeControl "3600+10"]

1. d4 d5 2. c4 e6 3. Nc3 Nf6 4. Bg5 Nbd7 5. Nf3 c6 6. e3 Qa5 7. Nd2 Bb4 8.
Qc2 dxc4 9. Bxf6 Nxf6 10. Bxc4 O-O 11. O-O b6 12. e4 b5 13. Bd3 h6 14. e5
Nd5 15. Nde4 Bb7 16. Ne2 Be7 17. Qb3 Nb4 18. Bb1 Rfd8 19. Qg3 Kh8 20. Qf4
Qc7 21. Qxf7 Bc8 22. Nf4 Qd7 23. Ng6+ Kh7 24. Nxe7 {Black resigns} 1-0